 Dungeon Crawl Stone Soup version 0.31-a0-1301-g7e11add784 (webtiles) character file.

Game seed: 14080263869955192006

333 Colgate the Covert (level 6, -4/36 HPs)
             Began as a Kobold Brigand on Dec 19, 2023.
             Slain by Duvessa
             ... wielding a +0 short sword
              (6 damage)
             ... on level 4 of the Dungeon.
             The game lasted 00:08:07 (3216 turns).

Colgate the Covert (Kobold Brigand)                 Turns: 3216, Time: 00:08:07

Health: -4/36      AC:  8    Str:  9    XL:     6   Next: 83%
Magic:  6/6        EV: 18    Int: 12    God:
Gold:   175        SH:  0    Dex: 18    Spells: 5/5 levels left

rFire   + + .        b - melded +1 dagger (venom)
rCold   + + .        (shield currently unavailable)
rNeg    + + +        g - melded +0 robe
rPois   ∞            (helmet currently unavailable)
rElec   +            c - melded +0 cloak
rCorr   +            (gloves currently unavailable)
SInv    .            (boots currently unavailable)
Will    .....        (amulet currently unavailable)
Stlth   +++++        (ring currently unavailable)
HPRegen 0.26/turn    (ring currently unavailable)
MPRegen 0.10/turn

%: no passive effects
@: wisp-form (expiring), flying
A: insubstantial, flying, no casting, tiny, no large weapons, nightstalker 3
a: no special abilities


You were on level 4 of the Dungeon.
You were an insubstantial wisp.
You visited 1 branch of the dungeon, and saw 4 of its levels.

You collected 175 gold pieces.

Inventory:

Hand Weapons
 a - a +0 dagger of speed
 b - a +1 dagger of venom (melded)
 s - a +2 dagger
 u - a +1 dagger of flaming
Missiles
 d - 9 poisoned darts (quivered)
 e - 3 curare-tipped darts
Armour
 c - a +0 cloak (melded)
 g - a +0 robe (melded)
Jewellery
 p - an amulet of guardian spirit
 x - a ring of positive energy
Wands
 i - a wand of paralysis (5)
 t - a wand of flame (18)
 w - a wand of roots (7) {@v2}
Scrolls
 j - 2 scrolls of fog
 l - a scroll of immolation {unknown}
 m - a scroll of revelation {unknown}
 o - a scroll of poison {unknown}
 q - 2 scrolls of blinking {unknown}
 v - a scroll of enchant armour {unknown}
Potions
 f - a potion of ambrosia {unknown}
 h - a potion of curing {@q1}
 k - 2 potions of magic
 n - 3 potions of might {@q3}
 r - 2 potions of mutation


   Skills:
 + Level 2.9 Fighting
 - Level 6.3 Short Blades
 - Level 2.1 Throwing
 - Level 1.2 Dodging
 - Level 8.2 Stealth


You had 5 spell levels left.
You didn't know any spells.
Your spell library contained the following spells:

 Spells                   Type           Power      Damage    Failure   Level
 Necrotise                Necr           0%         1d4       32%         1
 Stone Arrow              Conj/Erth      0%         3d7       69%         3
 Vampiric Draining        Necr           0%         2d6       69%         3
 Animate Armour           Summ/Erth      0%         N/A       97%         4
 Animate Dead             Necr           0%         N/A       97%         4
 Agony                    Necr           0%         N/A       100%        5
 Borgnjor's Vile Clutch   Necr/Erth      0%         N/A       100%        5
 Death Channel            Necr           0%         N/A       100%        6
 Lehudib's Crystal Spear  Conj/Erth      0%         10d2      100%        8


Dungeon Overview and Level Annotations

Branches:
Dungeon (4/15)
 Temple: D:4-7

Altars:
Elyvilon
Xom

Annotations:
D:4 Duvessa


Innate Abilities, Weirdness & Mutations

You are an insubstantial wisp.
Your tiny insubstantial body is highly resistant to most damage types.
You are flying.
Your equipment is entirely melded.
You are incapable of wielding weapons or throwing items.
You cannot cast spells.
You are small and have problems with some larger weapons.
You are completely attuned to the shadows.


Message History

Duvessa goes berserk!
You feel a bit more experienced. Duvessa attacks as she pursues you!
Duvessa closely misses you. Duvessa barely misses you.
There is a stone staircase leading up here.
Duvessa hits you but does no damage.
You fly upwards.
There is a stone staircase leading down here.
Okay, then.
Okay, then.
Aiming: Fastroot
Press: ? - help, Shift-Dir - straight line The roots erupt in riotous growth!
Roots grab Duvessa.
The grasping roots constrict Duvessa.
Duvessa closely misses you. Duvessa hits you with a +0 short sword.
The roots release their grip on Duvessa.
Duvessa hits you with a +0 short sword.
You fly downwards.
There is a stone staircase leading up here.
You don't know any spells.
Unknown command.
Aiming: Fastroot
Press: ? - help, Shift-Dir - straight line The roots erupt in riotous growth!
Roots grab Duvessa.
The grasping roots constrict Duvessa.
Duvessa hits you with a +0 short sword! Duvessa completely misses you.
The grasping roots constrict Duvessa.
The roots release their grip on Duvessa.
Duvessa hits you with a +0 short sword!
* * * LOW HITPOINT WARNING * * *
Aiming: Fastroot
Press: ? - help, Shift-Dir - straight line The roots erupt in riotous growth!
Roots grab Duvessa.
Your transformation is almost over.
The grasping roots constrict Duvessa.
Duvessa hits you with a +0 short sword!
* * * LOW HITPOINT WARNING * * *
Duvessa hits you with a +0 short sword.
You die...

..##.#..##
#.#.#..#......#..#.e..
........#
#.#.#..###.##.#..##..g
..##.####
#.#.#..###.##.#..##...
..##.#
#.#.#............#####
####.#
#...e..###.##.#.## #.##
###.#### #......# #..#
#.....# ####.### ##.#
#.....# ##)## #.#
#...ev# ##...## #.#
#....<#####.....## #)#
#.....#..........# #.#
#######..........# #.#
#..........# #.######
##.##.....##
#......########.###...##
######.##.......# #####
#.##.#######


You could see Duvessa (berserk, rooted).

Vanquished Creatures
  A scorpion (D:4)
  Dowan (D:4)
  A hound (D:4)
  Ijyb (D:3)
  Terence (D:3)
  An orc wizard (D:4)
  3 adders
  4 dart slugs
  7 orcs (D:4)
  6 bats
  5 endoplasms
  5 giant cockroaches
  8 goblins
  3 hobgoblins
  6 jackals (D:1)
  3 quokkas
  6 ball pythons
  2 frilled lizards (D:1)
  7 kobolds
  5 rats
76 creatures vanquished.

Notes
Turn   | Place    | Note
-------+----------+-------------------------------------------
     0 | D:1      | Colgate the Kobold Brigand began the quest for the Orb.
     0 | D:1      | Reached XP level 1. HP: 12/12 MP: 1/1
   134 | D:1      | Reached XP level 2. HP: 17/17 MP: 2/2
   387 | D:1      | Reached XP level 3. HP: 21/21 MP: 3/3
   574 | D:1      | Reached skill level 6 in Stealth
   577 | D:1      | Found a faded altar of an unknown god.
  1080 | D:2      | Found a shimmering altar of Xom.
  1302 | D:2      | Reached XP level 4. HP: 26/26 MP: 4/4
  1844 | D:3      | Reached skill level 5 in Short Blades
  2390 | D:3      | Noticed Terence
  2394 | D:3      | Killed Terence
  2431 | D:3      | Reached XP level 5. HP: 30/30 MP: 5/5
  2577 | D:3      | Found a faded altar of an unknown god.
  2583 | D:3      | Found a white marble altar of Elyvilon.
  2590 | D:3      | Noticed Ijyb
  2594 | D:3      | Killed Ijyb
  2762 | D:4      | Reached skill level 7 in Stealth
  2762 | D:4      | Reached XP level 6. HP: 14/35 MP: 6/6
  3008 | D:4      | Noticed Duvessa
  3008 | D:4      | Noticed Dowan
  3132 | D:4      | Reached skill level 8 in Stealth
  3205 | D:4      | Killed Dowan
  3216 | D:4      | Slain by Duvessa

Illustrated notes

Levels and vault maps discovered:
D:1:      lightli_iron_boxes, layout_basic, basic_ecumenical_altar
D:2:      layout_basic, basic_altar, kennysheep_nondescript, hex_tiny
D:3:      layout_loops_ring, nicolae_overflow_ecumenical_swirl,
          minmay_distorted, uniq_ijyb, uniq_terence
D:4:      layout_loops_cross, nicolae_zig_zag_zippers, uniq_duvessa

Skill      XL: |  1  2  3  4  5  6 |
---------------+-------------------+-----
Short Blades   | 3 4 5 6 |  6.3
Stealth        | 6 7 8 |  8.2
Fighting       | |  2.9
Throwing       | |  2.1
Dodging        | |  1.2

Action                     |  1- 3 |  4- 6 || total
---------------------------+-------+-------++-------
  Melee: Dagger            |    59 |    79 ||   138
         Punch             |     1 |     1 ||     2
  Evoke: Wand              |       |     4 ||     4
    Use: Scroll            |       |     6 ||     6
   Stab: Sleeping          |    22 |    23 ||    45
         Distracted        |       |     1 ||     1
         Paralysed         |       |     1 ||     1
 Armour: Robe              |     9 |    18 ||    27
         Skin              |       |     8 ||     8
  Dodge: Dodged            |    21 |    20 ||    41

Table legend: (Time is in decaauts)
 A = Elapsed time spent in this place.
 B = Non-inter-level travel time spent in this place.
 C = Inter-level travel time spent in this place.
 D = Time resting spent in this place.
 E = Time spent auto-exploring this place.
 F = Levels seen in this place.
 G = Mean time per level.
                   A        B        C        D        E       F      G
               +--------+--------+--------+--------+--------+-----+--------+
         Total |   3181 |   3066 |    115 |      0 |   2577 |   4 |  795.2 |
       Dungeon |   3181 |   3066 |    115 |      0 |   2577 |   4 |  795.2 |
               +--------+--------+--------+--------+--------+-----+--------+

Top non-repeatable levels by time:
     D:1: 1011 daAuts
     D:3: 845 daAuts
     D:2: 791 daAuts
     D:4: 533 daAuts
